 Dungeon Crawl Stone Soup version 0.29.1-2-gbd0b4ee654 (webtiles) character file.

Game seed: 7953975801423024163

35 CryoSword the Trooper (level 3, -1/33 HPs)
             Began as a Ghoul Fighter on Nov 8, 2022.
             Slain by Sigmund
             ... wielding a +0 scythe
              (3 damage)
             ... on level 2 of the Dungeon.
             The game lasted 00:01:19 (1196 turns).

CryoSword the Trooper (Ghoul Fighter)               Turns: 1196, Time: 00:01:20

Health: -1/33      AC: 13    Str: 21    XL:     3   Next: 33%
Magic:  2/2        EV:  5    Int:  3    God:
Gold:   28         SH:  4    Dex:  8    Spells: 2/2 levels left

rFire   . . .      SeeInvis .   a - +0 war axe
rCold   + . .      Faith    .   c - +0 buckler
rNeg    + + +      Spirit   .   e - +0 plate armour
rPois   ∞          Reflect  .   j - +0 helmet
rElec   .          Harm     .   (no cloak)
rCorr   .          Rampage  .   (no gloves)
Will    .....                   f - +0 pair of boots
Stlth   ..........              (no amulet)
HPRegen 0.00/turn               (no ring)
MPRegen 0.08/turn               (no ring)

@: mighty, inhibited regen, studying Stealth
A: claws 1, cold resistance 1, negative energy resistance 3, inhibited
regeneration, torment resistance 2, devour on kill
a: no special abilities


You were on level 2 of the Dungeon.
You visited 1 branch of the dungeon, and saw 2 of its levels.

You collected 28 gold pieces.

Inventory:

Hand Weapons
 a - a +0 war axe (weapon)
Armour
 c - a +0 buckler (worn)
 e - a +0 plate armour (worn)
   (You found it on level 1 of the Dungeon)
 f - a +0 pair of boots (worn)
   (You found it on level 1 of the Dungeon)
 j - a +0 helmet (worn)
   (You found it on level 1 of the Dungeon)
Scrolls
 h - a scroll of teleportation {unknown}
 k - a scroll of identify {@r1}
Potions
 b - a potion of lignification {unknown}
 g - a potion of brilliance {unknown}
 i - a potion of heal wounds {@q2}


   Skills:
 + Level 3.8 Fighting
 * Level 2.9 Axes
 - Level 2.6 Armour
 + Level 0.1 Stealth
 - Level 2.6 Shields


You had 2 spell levels left.
You didn't know any spells.
Your spell library contained the following spells:

 Spells                   Type           Power      Damage    Failure   Level
 Call Canine Familiar     Summ           0%         N/A       100%        3
 Portal Projectile        Hex/Tloc       0%         N/A       100%        3
 Leda's Liquefaction      Hex/Erth       0%         N/A       100%        4


Dungeon Overview and Level Annotations

Branches:
Dungeon (2/15)

Altars:

Annotations:
D:2 Sigmund


Innate Abilities, Weirdness & Mutations

You are immune to poison.
You have sharp fingernails.
Your flesh is cold resistant. (rC+)
You are immune to negative energy. (rN+++)
You do not regenerate when monsters are visible.
You are immune to unholy pain and torment.
You thrive by killing the living.


Message History

You slash the goblin!
You kill the goblin!
No target in view!
Done exploring.
Done exploring.
Done exploring.
Done exploring.
You see here a rat corpse.
There is a stone staircase leading down here.
You climb downwards.
There is a stone staircase leading up here.
Could not explore, unopened door.
Could not explore, unopened door.
You open the door.
A kobold and a goblin come into view.
The goblin shouts!
There are monsters nearby!
There are monsters nearby!
Found 12 gold pieces.
There is an open door here.
Found a sedimented cyan potion.
The goblin hits you but does no damage.
The kobold throws a stone.
The stone barely misses you.
You barely miss the goblin. The goblin hits you but does no damage.
The kobold throws a stone.
The stone hits you but does no damage.
You slash the goblin!
You kill the goblin!
Found a manual of Stealth.
The kobold hits you but does no damage.
You barely miss the kobold.
The kobold hits you but does no damage. x2
You hit the kobold but do no damage. The kobold hits you but does no damage.
You hit the kobold.
You kill the kobold!
No target in view!
No target in view!
No target in view!
No target in view!
No target in view!
No target in view!
Things that are here:
a +0 club; a goblin corpse You now have 18 gold pieces (gained 12).
Found a stone staircase leading down.
b - a sedimented cyan potion You now have 20 gold pieces (gained 2).
h - a scroll labelled IPOTUE PEAKUN You pick up a manual of Stealth {!d} and begin studying.
You open the door.
There is an open door here.
A frilled lizard comes into view.
Found 8 gold pieces.
The frilled lizard hisses angrily.
A frilled lizard is nearby!
A frilled lizard is nearby!
The frilled lizard bites you.
You hit the frilled lizard.
The frilled lizard bites you but does no damage.
You block the frilled lizard's attack.
You closely miss the frilled lizard.
The frilled lizard bites you but does no damage.
You barely miss the frilled lizard.
The frilled lizard bites you but does no damage.
The frilled lizard bites you.
You slash the frilled lizard!
You kill the frilled lizard!
You feel better.
No target in view!
No target in view!
No target in view!
You now have 28 gold pieces (gained 8).
Found a stone staircase leading up.
Found a stone staircase leading down.
Found 7 stones.
Found a stone staircase leading down.
A quokka comes into view.
A quokka is nearby!
You open the large door.
A quokka is nearby!
A quokka is nearby!
The quokka bites you.
You closely miss the quokka.
The quokka bites you but does no damage.
You closely miss the quokka. The quokka bites you.
The quokka bites you but does no damage.
You closely miss the quokka. The quokka bites you.
The quokka barely misses you.
You closely miss the quokka. The quokka bites you.
You are too injured to fight recklessly!
You are too injured to fight recklessly!
You are too injured to fight recklessly!
You are too injured to fight recklessly!
A quokka is nearby!
A quokka is nearby!
You hit the quokka.
You kill the quokka!
A goblin comes into view. It is wielding a +0 dagger.
Found a scroll of identify.
A goblin is nearby!
A goblin is nearby!
You block the goblin's attack.
You see here a scroll of identify {@r1}.
You hit the goblin.
You kill the goblin!
No target in view!
No target in view!
No target in view!
No target in view!
No target in view!
k - a scroll of identify {@r1} Sigmund and a kobold come into view.
Sigmund shouts!
The kobold shouts!
You see here a +0 dagger.
The kobold throws a stone.
The stone hits you but does no damage.
Okay, then.
Okay, then.
The kobold hits you but does no damage.
Okay, then.
The kobold hits you but does no damage.
Sigmund breathes a few words.
Sigmund's hands start flickering wildly.
Sigmund mumbles some strange words.
Sigmund flickers and vanishes!
Deactivating autopickup; reactivate with Ctrl-A.
You hit the kobold but do no damage. The kobold completely misses you.
The kobold hits you but does no damage.
You feel very mighty all of a sudden. The kobold hits you but does no damage.
You closely miss the kobold. The kobold hits you but does no damage.
You slash the kobold!
You kill the kobold!
Something hits you but does no damage.
Things that are here:
a +0 club; a stone; a kobold corpse You closely miss something.
Something hits you but does no damage.
You miss something. Something hits you.
You barely miss something. Something hits you but does no damage.
You closely miss something. Something hits you but does no damage.
You miss something. Something hits you.
You hit something but do no damage.
You hear some strange, mumbled words.
A puff of flame appears from out of thin air!
The puff of flame hits you.
You closely miss something. You block something's attack.
You closely miss something. Something hits you.
* * * LOW HITPOINT WARNING * * *
You barely miss something. Something hits you but does no damage.
You closely miss something. Something hits you.
* * * LOW HITPOINT WARNING * * *
You closely miss something. Something hits you!
* * * LOW HITPOINT WARNING * * *
You miss something. Something hits you.
You die...

............... #.......?
...........#.. #........
...........#######......K.
......###.......##.#.#
...#............#....#
...#............#)...#
..........''....+....#.#.
. .#......##....#........
.........+.....@{.......#
........##.#..#........#
.........#.............#
....### #.#...........#
... ...........#.#..
....#.#.###.#.# .....#....
.# # .... ...... .


There were no monsters in sight!

Vanquished Creatures
  3 endoplasms (D:1)
  5 goblins
  2 hobgoblins (D:1)
  3 jackals (D:1)
  2 quokkas
  4 ball pythons (D:1)
  4 bats (D:1)
  2 frilled lizards
  2 kobolds (D:2)
  5 rats (D:1)
32 creatures vanquished.

Notes
Turn   | Place    | Note
-------+----------+-------------------------------------------
     0 | D:1      | CryoSword the Ghoul Fighter began the quest for the Orb.
     0 | D:1      | Reached XP level 1. HP: 19/19 MP: 0/0
    56 | D:1      | Reached XP level 2. HP: 21/26 MP: 1/1
   295 | D:1      | Found a faded altar of an unknown god.
   627 | D:1      | Reached XP level 3. HP: 33/33 MP: 2/2
  1167 | D:2      | Noticed Sigmund
  1196 | D:2      | Slain by Sigmund

Illustrated notes

Levels and vault maps discovered:
D:1:      dpeg_arrival_subterranean_lakeside_camping, layout_basic,
          ebering_ecumenical_altar_webs, serial_aquarium, aquarium_bridge_square
          [aquarium_subvault_wall, aquarium_subvault_bridge,
          aquarium_subvault_balcony, aquarium_subvault_bridge],
          aquarium_window_corner, aquarium_window_1, aquarium_window_fake,
          aquarium_view_2c, aquarium_view_2d
D:2:      layout_basic, uniq_crazy_yiuf_cottage, uniq_sigmund

Skill      XL: |  1 |
---------------+----+-----
Axes           | 2 |  2.9
Fighting       | |  3.8
Armour         | |  2.6
Stealth        | |  0.1
Shields        | |  2.6

Action                   || total
-------------------------++-------
Melee: War axe           ||    81
  Use: Scroll            ||     2
       Potion            ||     1
Armor: Scale mail        ||    10
       Plate armour      ||    54
Dodge: Dodged            ||    25
Block: Buckler           ||    14
